[Event "*** Titled Tuesday Blitz"]
[Site "Chess.com"]
[Date "2021.02.16"]
[Round "2"]
[White "Manukyan_Artak"]
[Black "Klavdia_Nik"]
[Result "1-0"]
[WhiteElo "2386"]
[BlackElo "2049"]
[TimeControl "180+1"]
[EndTime "10:18:43 PST"]
[Termination "Manukyan_Artak won on time"]

1. e4 g6 2. d4 d6 3. c4 Bg7 4.
Nc3 Nd7 5. Bg5 h6 6. Bh4 c5 7. d5 Ngf6 8. Bd3 O-O 9. Nf3 Ng4 10.
O-O Nge5 11. Nxe5 Nxe5 12. f4 Nxd3 13. Qxd3 a6 14. a4 b6 15. Rae1 Ra7 16. e5 Bf5 17. Qd2 Qc8 18. exd6 exd6 19. Be7 Rxe7 20. Rxe7 Bd4+ 21.
Kh1 Bf6 22. Ree1 Qd7 23. Ne4 Bd4 24. Qd1 Kg7 25. b4 Re8 26. Ng3 Rxe1 27. Nxf5+ Qxf5 28. Qxe1 cxb4 29. Qxb4 Bc5 30. Qb2+ Kh7 31. Qe2 a5 32. g4 Qd7 33. f5 Kg7 34. fxg6 fxg6 35. Qe6 Qc7 36. Qf6+ Kh7 37. Qf8 1-0

[Event "*** Titled Tuesday Blitz"]
[Site "Chess.com"]
[Date "2021.02.16"]
[Round "2"]
[White "esapunov"]
[Black "atalz0"]
[Result "1-0"]
[WhiteElo "2677"]
[BlackElo "2399"]
[TimeControl "180+1"]
[EndTime "10:18:44 PST"]
[Termination "esapunov won on time"]

1. c4 e6 2. Nf3 d5 3. d4 a6 4. c5 b6 5. cxb6 cxb6 6. Bf4 Bd6 7. e3 Bxf4 8. exf4 Nf6 9. Bd3 Bb7 10. O-O O-O 11. Qe2 Nc6 12. Nc3 b5 13. Rfd1 Qb6 14.
g3 g6 15. Bb1 Rac8 16. h4 Rfe8 17. Bc2 Nb4 18. Bb1 Rc4 19. a4 Rec8 20. axb5 axb5 21.
Qe3 Ng4 22. Qd2 Nc6 23. Ba2 Rb4 24. Bxd5 exd5 25. Nxd5 Nxd4 26. Ne7+ Kf8 27. Nxg6+ hxg6 28. Qxb4+ Kg8 29. Nxd4 Qf6 30. Qd2 Rd8 31. Qe2 1-0

[Event "*** Titled Tuesday Blitz"]
[Site "Chess.com"]
[Date "2021.02.16"]
[Round "2"]
[White "bascheyaro"]
[Black "Kostukov_Alex"]
[Result "1-0"]
[WhiteElo "2696"]
[BlackElo "2354"]
[TimeControl "180+1"]
[EndTime "10:18:44 PST"]
[Termination "bascheyaro won by checkmate"]

1. d4 g6 2. Nf3 Bg7 3. c4 d6 4. Nc3 e5 5. Bg5 f6 6. Bh4 g5 7. Bg3 h5 8. h3 Qe7 9. e3 Nh6 10.
Bd3 O-O 11. Nd5 Qf7 12. Qc2 h4 13. Bg6 Qd7 14. Bh2 c6 15. Nc3 Na6 16. O-O-O Qe7 17. dxe5 dxe5 18. Ne4 Be6 19. b3 Rad8 20. g3 Nb4 21.
Qb1 b5 22. c5 f5 23. Nd6 Qf6 24. Bh5 e4 25. Nd4 Bd5 26. gxh4 gxh4 27. Rhg1 Kh8 28. Bf4 Rxd6 29. cxd6 Rd8 30. Rg6 Qf8 31. a3 Nd3+ 32.
Rxd3 exd3 33. Qxd3 Be4 34. Qd1 c5 35. Ne6 Qg8 36.
Nxg7 Qxg7 37. Rxg7 Kxg7 38. Be5+ Kf8 39. f3 Bc6 40.
Qe1 Nf7 41. Bxf7 Kxf7 42. Qxh4 Rg8 43. Qf6+ Ke8 44. Qe7# 1-0

[Event "*** Titled Tuesday Blitz"]
[Site "Chess.com"]
[Date "2021.02.16"]
[Round "2"]
[White "Atco84"]
[Black "DonPreuss"]
[Result "0-1"]
[WhiteElo "2445"]
[BlackElo "2269"]
[TimeControl "180+1"]
[EndTime "10:18:44 PST"]
[Termination "DonPreuss won on time"]

1. d4 Nc6 2. c4 e5 3. d5 Nce7 4. e4 Ng6 5. Be3 Bb4+ 6. Nd2 N8e7 7. a3 Bxd2+ 8. Qxd2 d6 9. f3 O-O 10. Bd3 f5 11. Ne2 Nh4 12. O-O-O Nxg2 13. Bg5 f4 14. Rdg1 Ne3 15. h4 Qe8 16. h5 c6 17.
Qc3 Rf7 18. Nxf4 cxd5 19. Nxd5 N3xd5 20. exd5 Nf5 21. Be4 Bd7 22. Kb1 Rc8 23. Qb3 b5 24. Rc1 Nd4 25. Qb4 bxc4 26. Rxc4 Rxc4 27. Qxc4 Bf5 28. h6 g6 0-1

[Event "*** Titled Tuesday Blitz"]
[Site "Chess.com"]
[Date "2021.02.16"]
[Round "2"]
[White "Alexander_Zubov"]
[Black "stoleriu"]
[Result "0-1"]
[WhiteElo "2995"]
[BlackElo "2610"]
[TimeControl "180+1"]
[EndTime "10:18:45 PST"]
[Termination "stoleriu won on time"]

1. e4 e6 2. d4 d5 3. Nd2 Be7 4. Bd3 c5 5. dxc5 Nf6 6. Qe2 a5 7.
Ngf3 Na6 8. e5 Nd7 9. Bb5 O-O 10.
Nb3 Ndxc5 11. Nxc5 Nxc5 12. O-O Bd7 13. Be3 Bxb5 14. Qxb5 Qd7 15. Nd4 Qxb5 16. Nxb5 Rfc8 17. Bd4 a4 18. a3 Ne4 19. f3 Nd2 20. Rf2 Nc4 21.
b3 axb3 22. cxb3 Na5 23. Rb2 Nc6 24. b4 Nxb4 25. Rab1 Nc6 0-1

[Event "*** Titled Tuesday Blitz"]
[Site "Chess.com"]
[Date "2021.02.16"]
[Round "2"]
[White "Zmeeed63"]
[Black "chessdjw"]
[Result "0-1"]
[WhiteElo "2469"]
[BlackElo "2708"]
[TimeControl "180+1"]
[EndTime "10:18:46 PST"]
[Termination "chessdjw won by resignation"]

1. d4 Nf6 2. c4 g6 3. Nc3 d5 4. Nf3 Bg7 5. Bg5 Ne4 6. cxd5 Nxg5 7. Nxg5 e6 8. Nf3 exd5 9. e3 O-O 10. b4 Qd6 11.
Qb3 Be6 12. Bd3 c6 13. O-O Nd7 14. a4 a5 15. Rfb1 b6 16. Ng5 axb4 17. Qxb4 Qxb4 18. Rxb4 c5 19. Rb5 cxd4 20. Nxd5 dxe3 21. Ra2 exf2+ 22. Kxf2 Nc5 23. Bc4 Nxa4 24. Ne7+ Kh8 25. Nxe6 fxe6+ 26. Kg3 Bd4 27. Nc6 Nc3 28. Rxa8 Bf2+ 29. Kh3 Rxa8 30. Rb3 Ne4 31. g3 Bc5 32. Kg2 Ra2+ 33. Kf3 Nd2+ 0-1

[Event "*** Titled Tuesday Blitz"]
[Site "Chess.com"]
[Date "2021.02.16"]
[Round "2"]
[White "lukas_111111"]
[Black "Chopper1905"]
[Result "0-1"]
[WhiteElo "2578"]
[BlackElo "2937"]
[TimeControl "180+1"]
[EndTime "10:18:47 PST"]
[Termination "Chopper1905 won by resignation"]

1. d4 Nf6 2. c4 g6 3. f3 c5 4. d5 Bg7 5. e4 d6 6. Nc3 e6 7.
Nge2 O-O 8. Ng3 exd5 9. cxd5 Nbd7 10. Be2 a6 11. a4 h5 12. O-O Ne5 13. f4 Neg4 14. h3 Nh6 15. e5 Ne8 16. Nge4 Nf5 17. Bc4 dxe5 18. fxe5 Bxe5 19. Bg5 f6 20. Bf4 Ned6 21. Bxe5 Nxc4 22. Bxf6 Rxf6 23. Nxf6+ Qxf6 24. Ne4 Qd4+ 25. Qxd4 cxd4 26. g4 hxg4 27. hxg4 Nh4 28. Rac1 Ne3 29. Rf6 Nxg4 30. Rd6 Bf5 31. Nc5 d3 32.
Nxb7 Ne3 33. Rdc6 d2 34. d6 0-1

[Event "*** Titled Tuesday Blitz"]
[Site "Chess.com"]
[Date "2021.02.16"]
[Round "2"]
[White "GM_Crest"]
[Black "PlotnikovPavel"]
[Result "1-0"]
[WhiteElo "2761"]
[BlackElo "2498"]
[TimeControl "180+1"]
[EndTime "10:18:47 PST"]
[Termination "GM_Crest won by resignation"]

1. d4 Nf6 2. c4 g6 3. Nc3 Bg7 4.
e4 d6 5. Nf3 O-O 6. Be2 e5 7. Be3 Nc6 8. d5 Ne7 9. Nd2 Ne8 10. g4 b6 11. O-O f5 12. f3 f4 13. Bf2 h5 14. h3 hxg4 15. fxg4 g5 16. Nf3 Ng6 17. b4 a5 18. a3 Bd7 19. c5 axb4 20.
axb4 Rxa1 21. Qxa1 bxc5 22. bxc5 Nf6 23. c6 Bc8 24. Qa5 Qe7 25. Rb1 Bxg4 26. hxg4 Nxg4 27. Rb7 Nxf2 28. Rxc7 Qf6 29. Kxf2 g4 30. Qa7 gxf3 31. Bxf3 Qh4+ 32. Ke2 Qh2+ 33. Qf2 Qh3 34. Qg2 Qxg2+ 35.
Bxg2 Nh4 36. Bh3 f3+ 37. Kf2 Ng6 38. Rxg7+ Kxg7 39. c7 Ne7 40. Nb5 Nc8 41. Bxc8 Rxc8 42. Nxd6 Rh8 43. c8=Q Rxc8 44. Nxc8 Kf7 45. Kxf3 1-0

[Event "*** Titled Tuesday Blitz"]
[Site "Chess.com"]
[Date "2021.02.16"]
[Round "2"]
[White "onetowin"]
[Black "eightbyeightchess"]
[Result "0-1"]
[WhiteElo "2013"]
[BlackElo "2384"]
[TimeControl "180+1"]
[EndTime "10:18:47 PST"]
[Termination "eightbyeightchess won on time"]

1. d4 d5 2. Nc3 Nf6 3. Bf4 Bf5 4.
e3 a6 5. f3 e6 6. g4 Bg6 7. h4 h6 8. Bd3 Bxd3 9. Qxd3 Bd6 10. Nge2 Nbd7 11. O-O-O Qe7 12. g5 Nh5 13. g6 Nxf4 14.
gxf7+ Qxf7 15. exf4 Bxf4+ 16. Kb1 O-O-O 17. Rde1 Bd6 18. f4 Rhf8 19. Ref1 Nb6 20. Rhg1 Qe7 21. Qh3 Kb8 22. Rg6 Nc4 23. Rfg1 Bxf4 24. Nxf4 Rxf4 25. Rxg7 Qb4 26. b3 Rdf8 27. Rg8 Rxg8 28.
Rxg8+ Ka7 29. Rg1 Rf3 30. Nxd5 exd5 31. Qd7 Na3+ 32. Kb2 Nb5 33. Qxd5 Qxd4+ 34. Qxd4+ Nxd4 0-1

[Event "*** Titled Tuesday Blitz"]
[Site "Chess.com"]
[Date "2021.02.16"]
[Round "2"]
[White "TeukkaSalama"]
[Black "canary2016"]
[Result "1-0"]
[WhiteElo "2381"]
[BlackElo "1978"]
[TimeControl "180+1"]
[EndTime "10:18:47 PST"]
[Termination "TeukkaSalama won on time"]

1. d4 d5 2. Bf4 Nf6 3. e3 e6 4. Nf3 Bd6 5. Bg3 c5 6. c3 Qc7 7. dxc5 Qxc5 8. b4 Qc7 9. Nbd2 Nbd7 10. Rc1 O-O 11. c4 Bxg3 12. hxg3 dxc4 13. Nxc4 Nb6 14.
Nce5 Qe7 15. a3 Nbd5 16. Bd3 Rd8 17. Ng5 g6 18. Ngxf7 Rf8 19. Bxg6 hxg6 20. Rh8+ Kg7 21. Rxf8 Qxf8 22. Qd3 Ne7 23. Rc7 Nfd5 24. Rc4 b5 25.
Rg4 Nf6 26. Rxg6+ Kh7 27. Rxf6+ Nf5 28. Ng5+ Kg7 29. Rxf8 Kxf8 30. Qd8+ Kg7 31. Nxe6+ 1-0

[Event "*** Titled Tuesday Blitz"]
[Site "Chess.com"]
[Date "2021.02.16"]
[Round "2"]
[White "mikolka1985"]
[Black "ViditYT"]
[Result "1/2-1/2"]
[WhiteElo "2603"]
[BlackElo "3010"]
[TimeControl "180+1"]
[EndTime "10:18:48 PST"]
[Termination "Game drawn by repetition"]

1. d4 Nf6 2. c4 e6 3. Nf3 d5 4. Nc3 Nbd7 5. cxd5 exd5 6. Bg5 c6 7. e3 h6 8. Bh4 g5 9. Bg3 Nh5 10. Bd3 Nxg3 11.
hxg3 Bg7 12. a3 Nb6 13. b4 Be6 14. Nd2 Qe7 15. Nb3 O-O 16. O-O Nc4 17. Nc5 Rad8 18. Qc2 Bc8 19. b5 b6 20. Nb3 cxb5 21. Nxb5 a6 22. Nc3 Be6 23. a4 Rc8 24. Rfc1 Rc7 25. Nd2 Rfc8 26. Nxc4 dxc4 27. Bh7+ Kh8 28. Rcb1 Rb8 29. Bf5 Rcb7 30. Be4 Rc7 31. Rb2 Qd6 32. Rab1 Rcc8 33. Bf5 Rc7 34. g4 Rcb7 35. Be4 Rc7 36. Bf5 Rcb7 37. Be4 Rc7 38. Bf5 1/2-1/2

[Event "*** Titled Tuesday Blitz"]
[Site "Chess.com"]
[Date "2021.02.16"]
[Round "2"]
[White "ChainsOfFantasia"]
[Black "Chernov_Alexander_A"]
[Result "1-0"]
[WhiteElo "2478"]
[BlackElo "2293"]
[TimeControl "180+1"]
[EndTime "10:18:49 PST"]
[Termination "ChainsOfFantasia won by resignation"]

1. d4 Nf6 2. Nf3 e6 3. c4 b6 4. a3 Bb7 5. Nc3 d5 6. cxd5 Nxd5 7. e3 Be7 8. Bb5+ c6 9. Bd3 O-O 10. O-O c5 11. Qe2 cxd4 12. exd4 Nd7 13. Ne4 N7f6 14. Bg5 h6 15. Bd2 Rc8 16. Rac1 Rc7 17. Ne5 Nxe4 18. Bxe4 Bf6 19. Rxc7 Qxc7 20. Rc1 Qd6 21.
Bb1 Be7 22. Qe4 f5 23. Qe2 Rc8 24. Rxc8+ Bxc8 25. g4 Nf6 26. gxf5 exf5 27. Bb4 Qe6 28. Bxe7 Qxe7 29. Ba2+ Be6 30. Ng6 Qe8 31. Qxe6+ Qxe6 32. Bxe6+ Kh7 33. Bxf5 Kg8 34. Kg2 Kf7 35. Ne5+ Ke7 36.
Kf3 Kd6 37. Be4 g5 38. Nf7+ 1-0

[Event "*** Titled Tuesday Blitz"]
[Site "Chess.com"]
[Date "2021.02.16"]
[Round "2"]
[White "Mr_Sinigami"]
[Black "Kingsman132"]
[Result "1-0"]
[WhiteElo "2660"]
[BlackElo "2358"]
[TimeControl "180+1"]
[EndTime "10:18:50 PST"]
[Termination "Mr_Sinigami won by checkmate"]

1. d4 g6 2. e4 Bg7 3. Nc3 Nf6 4. g3 O-O 5. Bg2 d6 6. Nge2 c5 7. h3 cxd4 8. Nxd4 Nc6 9. Be3 e5 10. Ndb5 Ne8 11. Nd5 Qa5+ 12. Nbc3 Nd4 13. O-O f5 14. Ne2 fxe4 15. Ne7+ Kh8 16. Nxd4 exd4 17. Bxd4 Bf5 18. g4 Be6 19. Bxe4 Nf6 20. Bxb7 Qc7 21. Bxa8 Rxa8 22. Bxf6 Bxf6 23. Nd5 Bxd5 24. Qxd5 Rf8 25. c3 Be5 26. f4 Qb6+ 27. Kh1 Bg7 28. Qg2 Qa6 29. a3 Qc4 30. Rae1 d5 31. f5 gxf5 32. Rxf5 Rd8 33. Rd1 d4 34. cxd4 Rxd4 35. Qa8+ Qg8 36. Qxg8+ Kxg8 37.
Rxd4 Bxd4 38. b4 Kg7 39. a4 Bc3 40. b5 Bd4 41. a5 Bc3 42. b6 axb6 43. axb6 Bd4 44.
b7 Ba7 45. Rd5 Bb8 46. Rd8 Bc7 47. Rd7+ Kg6 48. Rxc7 Kg5 49. b8=Q h5 50. Rg7+ Kh4 51. Kh2 hxg4 52. Qg3+ Kh5 53. Qxg4+ Kh6 54. Qg5# 1-0

[Event "*** Titled Tuesday Blitz"]
[Site "Chess.com"]
[Date "2021.02.16"]
[Round "2"]
[White "Srisshhhtea"]
[Black "soumeow"]
[Result "1-0"]
[WhiteElo "2441"]
[BlackElo "2210"]
[TimeControl "180+1"]
[EndTime "10:18:50 PST"]
[Termination "Srisshhhtea won on time"]

1. d4 Nf6 2. c4 g6 3. Nc3 d5 4. Nf3 Bg7 5. Bf4 O-O 6. e3 c5 7.
dxc5 Qa5 8. Rc1 Na6 9. a3 Ne4 10. Be5 Bxe5 11. Nxe5 dxc4 12. Bxc4 Naxc5 13. O-O Nxc3 14. Rxc3 Ne4 15. Nxf7 Nxc3 16. bxc3 Rxf7 17. Bxf7+ Kxf7 18. Qb3+ Be6 19. Qxb7 Rc8 20. h3 Rxc3 21. Rd1 Rxa3 22. Qf3+ Kg7 23. Qe4 Qf5 24. Qb4 Rd3 25. Qxe7+ Bf7 26.
Rxd3 Qxd3 27. Qxa7 h5 28. h4 Qd1+ 29. Kh2 Qg4 30.
Qa1+ Kh7 31. g3 1-0

[Event "*** Titled Tuesday Blitz"]
[Site "Chess.com"]
[Date "2021.02.16"]
[Round "2"]
[White "vovachesss"]
[Black "fabianvivasz"]
[Result "1-0"]
[WhiteElo "2661"]
[BlackElo "2368"]
[TimeControl "180+1"]
[EndTime "10:18:53 PST"]
[Termination "vovachesss won on time"]

1. e4 e5 2. Nf3 Nc6 3. Bc4 Nf6 4. d3 Bc5 5. c3 O-O 6. h3 d5 7. exd5 Nxd5 8. O-O Nb6 9. Bb3 Bf5 10. Bc2 Qf6 11. Nbd2 Rad8 12. Qe2 Be7 13. Ne4 Qg6 14.
Rd1 Bxh3 15. Ng3 Bg4 16. d4 f5 17. dxe5 Rxd1+ 18. Qxd1 Rd8 19. Qe2 Bxf3 20. gxf3 Qe6 21. f4 g6 22. Bb3 Nd5 23. Be3 Kg7 24. Rd1 Na5 25. Bc2 Nxe3 26. fxe3 Rxd1+ 27. Qxd1 Nc6 28. Bb3 Qc8 29. Qd5 1-0

[Event "*** Titled Tuesday Blitz"]
[Site "Chess.com"]
[Date "2021.02.16"]
[Round "2"]
[White "ElCoachRene"]
[Black "InitiatingASC"]
[Result "0-1"]
[WhiteElo "2198"]
[BlackElo "2435"]
[TimeControl "180+1"]
[EndTime "10:18:53 PST"]
[Termination "InitiatingASC won by checkmate"]

1. d4 Nf6 2. Bf4 e6 3. e3 c5 4. c3 cxd4 5. exd4 b6 6. Nd2 Bb7 7. Ngf3 Be7 8. Bd3 O-O 9. Qe2 a6 10. h3 d6 11. a4 Nbd7 12. O-O Qc7 13. Rfe1 Qc6 14. Qf1 Rfe8 15. Ng5 Nf8 16. Nde4 Ng6 17. Bh2 e5 18. dxe5 dxe5 19. Nxf6+ Qxf6 20. Be4 Bxe4 21. Nxe4 Qc6 22. Qe2 f5 23. Nd2 Bf6 24. Nc4 Nh4 25. f3 f4 26. Na3 Nf5 27. Qc4+ Qxc4 28. Nxc4 Rab8 29. Kf1 b5 30. axb5 axb5 31. Na3 Ne3+ 32. Kg1 b4 33. cxb4 Rxb4 34. Re2 Reb8 35. Ra2 g5 36. Kh1 Rd8 37. Re1 Rd2 38. Bg1 Nxg2 39. Bc5 Rbxb2 40. Rxb2 Rxb2 41. Nc4 Rc2 42. Re4 Nh4 43.
Bd6 Nxf3 44. Nxe5 Rh2# 0-1

[Event "*** Titled Tuesday Blitz"]
[Site "Chess.com"]
[Date "2021.02.16"]
[Round "2"]
[White "elindisguise"]
[Black "BJthechessgod"]
[Result "0-1"]
[WhiteElo "2454"]
[BlackElo "2287"]
[TimeControl "180+1"]
[EndTime "10:18:54 PST"]
[Termination "BJthechessgod won by resignation"]

1. d4 Nf6 2. Bf4 e6 3. e3 b6 4.
Nf3 Bb7 5. Nbd2 Be7 6. Be2 Nh5 7. Bg3 O-O 8. c3 d6 9. a4 a5 10. Qc2 Nd7 11. O-O Nxg3 12. hxg3 Nf6 13. Nh2 Re8 14. Bf3 d5 15. Rfe1 Bf8 16. e4 dxe4 17.
Nxe4 Nxe4 18. Bxe4 Bxe4 19. Rxe4 g6 20. Rae1 Bg7 21.
Ng4 f5 22. Rxe6 Rxe6 23. Rxe6 fxg4 24. Qe4 Qf8 25. f4 gxf3 26. gxf3 Rd8 27. f4 c5 28. d5 Qf5 29. Re8+ Rxe8 30. Qxe8+ Qf8 31. Qe6+ Qf7 32.
Qc8+ Qf8 33. Qe6+ Kh8 34. d6 Bf6 35. f5 gxf5 36. Kg2 Kg7 37. Qd7+ Qf7 38. Qc6 Qe6 39. Qb7+ Kg6 40. Qc7 Be5 41. Qb8 Bxd6 42. Qf8 Bxf8 0-1

[Event "*** Titled Tuesday Blitz"]
[Site "Chess.com"]
[Date "2021.02.16"]
[Round "2"]
[White "bakki78"]
[Black "Moultino06"]
[Result "1-0"]
[WhiteElo "2727"]
[BlackElo "2483"]
[TimeControl "180+1"]
[EndTime "10:18:55 PST"]
[Termination "bakki78 won by checkmate"]

1. e4 Nc6 2. Nf3 d6 3. d4 Nf6 4. Nc3 g6 5. Be2 Bg7 6. O-O Bg4 7. d5 Bxf3 8. Bxf3 Ne5 9. Be2 c6 10. Re1 O-O 11. Bf1 a6 12. h3 cxd5 13. exd5 Rc8 14. a4 Re8 15. Ne4 Qa5 16. Nxf6+ Bxf6 17. c3 Nc4 18. Qb3 Nb6 19. Rd1 Nd7 20. Be3 Nc5 21.
Qc2 Qc7 22. a5 e6 23. dxe6 Nxe6 24. Qd2 Be5 25. f4 Bg7 26. Qxd6 Qxd6 27. Rxd6 Bf8 28. Rdd1 Nc5 29. Bf2 Ne4 30. Bd4 Bc5 31. Ra4 Red8 32. Re1 Bxd4+ 33. cxd4 Nf6 34. Bc4 Rd7 35. Rb4 Kg7 36.
Rd1 Rdc7 37. Bb3 Rd8 38. Rb6 Rdd7 39. d5 Rc5 40. d6 Rxa5 41. Rc1 Ne4 42. Rc7 Rxd6 43.
Rxf7+ Kh6 44. Rbxb7 Rb5 45. Rxh7# 1-0

[Event "*** Titled Tuesday Blitz"]
[Site "Chess.com"]
[Date "2021.02.16"]
[Round "2"]
[White "abeljusto"]
[Black "IceBelka"]
[Result "0-1"]
[WhiteElo "2043"]
[BlackElo "2386"]
[TimeControl "180+1"]
[EndTime "10:18:55 PST"]
[Termination "IceBelka won on time"]

1. d4 d5 2. Bf4 e6 3. e3 Bd6 4. Bg3 Nf6 5. Nd2 c5 6. c3 Qc7 7. Ngf3 Nbd7 8. Bb5 O-O 9. Bh4 a6 10. Bd3 b5 11. O-O Bb7 12. a4 c4 13. Bc2 b4 14.
cxb4 Bxb4 15. Bxf6 Nxf6 16. Ne5 Rfc8 17. Rc1 a5 18. f4 c3 19. bxc3 Ba3 20. Rb1 Ba6 21. c4 dxc4 22. Ne4 Nxe4 23. Bxe4 Rab8 24. Rxb8 Rxb8 25. Qh5 f5 26. Bf3 c3 27. d5 Bxf1 28.
dxe6 Bc4 29. Qxf5 Bb3 30. Be4 g6 31. Qg5 c2 32. Nf7 c1=Q+ 33. Kf2 Bxe6 34. Nh6+ Kg7 0-1

[Event "*** Titled Tuesday Blitz"]
[Site "Chess.com"]
[Date "2021.02.16"]
[Round "2"]
[White "Bacyanide"]
[Black "AlexNovitz"]
[Result "1-0"]
[WhiteElo "2432"]
[BlackElo "2188"]
[TimeControl "180+1"]
[EndTime "10:18:56 PST"]
[Termination "Bacyanide won by resignation"]

1. d4 Nf6 2. Nf3 d5 3. c4 e6 4. g3 Bb4+ 5. Nbd2 O-O 6. Bg2 b6 7. O-O Bb7 8. b3 c5 9. Bb2 dxc4 10. Nxc4 cxd4 11. Nxd4 Bxg2 12. Kxg2 Bc5 13. Nb5 Qc8 14. Bxf6 gxf6 15. e4 f5 16. Nbd6 Qc6 17. Kg1 Rd8 18. exf5 Bxd6 19. Qg4+ Kh8 20. Rad1 Be7 21. Ne5 Qe8 22.
fxe6 fxe6 23. Qxe6 Na6 24. Nf7+ Kg7 25. Nxd8 Rxd8 26. Rxd8 Qxd8 27. Re1 Bf6 28. Qg4+ Kf7 29. Rd1 Qe8 30. Qc4+ Kg7 31. Qxa6 Qe7 32. Qd3 Kh8 33. Qd7 Qe2 34. Qc8+ Kg7 35. Qd7+ Be7 36. Qd2 Qe6 37. Re1 Qf6 38. Qd7 Kf8 39. Qxe7+ Qxe7 40. Rxe7 Kxe7 41.
f4 Ke6 42. Kf2 Kf5 43. Kf3 h5 44. h3 a6 45. g4+ hxg4+ 46. hxg4+ Kf6 47. f5 Kg5 48. Kg3 b5 49. b4 1-0

[Event "*** Titled Tuesday Blitz"]
[Site "Chess.com"]
[Date "2021.02.16"]
[Round "2"]
[White "TST2014"]
[Black "hansen"]
[Result "0-1"]
[WhiteElo "2578"]
[BlackElo "2926"]
[TimeControl "180+1"]
[EndTime "10:18:57 PST"]
[Termination "hansen won on time"]

1. d4 Nf6 2. c4 e6 3. Nf3 b6 4.
a3 Bb7 5. Nc3 Ne4 6. Nxe4 Bxe4 7. Nd2 Bb7 8. e4 Nc6 9. Nf3 d6 10.
d5 Ne5 11. Nxe5 dxe5 12. Qa4+ Qd7 13. Qxd7+ Kxd7 14. Be3 c6 15. dxe6+ Kxe6 16. c5 Bxc5 17. Bxc5 bxc5 18. Rc1 a5 19. Rxc5 Rhd8 20. f3 Rd4 21.
Be2 Kd6 22. Rc3 c5 23. Bc4 f6 24. Rd3 Ba6 25. Bxa6 Rxa6 26. Kd2 Rb6 27. Rxd4+ exd4 28. Kc2 c4 29. Rd1 Kc5 30. h4 h5 31. g4 hxg4 32.
fxg4 Rb3 33. g5 fxg5 34. hxg5 Rg3 35. Rf1 Rg2+ 36. Kc1 Rxg5 37. Rf8 d3 38. Rd8 a4 39.
Kd2 Rg2+ 40. Kc1 Rc2+ 41. Kb1 Re2 42. Rd5+ Kc6 43. Rd4 Re1+ 44. Ka2 Kb5 45. Rd5+ Kb6 46. Rd4 g5 47. Rd6+ Kc5 48. Rd5+ Kc6 49. Rd4 Rc1 50. e5 Kc5 51. Rd8 Re1 0-1

[Event "*** Titled Tuesday Blitz"]
[Site "Chess.com"]
[Date "2021.02.16"]
[Round "2"]
[White "bait_or_mate"]
[Black "amintabatabaei"]
[Result "0-1"]
[WhiteElo "2556"]
[BlackElo "2913"]
[TimeControl "180+1"]
[EndTime "10:18:57 PST"]
[Termination "amintabatabaei won by resignation"]

1. d4 Nf6 2. c4 g6 3. Nc3 Bg7 4. e4 d6 5. Nf3 O-O 6. Be2 e5 7. O-O Nc6 8. dxe5 Nxe5 9. Nxe5 dxe5 10. Qxd8 Rxd8 11. Be3 c6 12. Rfd1 Re8 13. f3 Bf8 14. Na4 b6 15. Rd2 Nd7 16. Rad1 Nc5 17. Bxc5 bxc5 18. Rd8 Be6 19. Rxa8 Rxa8 20. Kf2 h5 21. g3 Rb8 22. b3 Be7 23. Bf1 Kg7 24. f4 exf4 25.
gxf4 f6 26. Bg2 Re8 27. Kg1 g5 28. fxg5 fxg5 29. e5 Bg4 30. Rd2 Bf8 31. Bxc6 Rxe5 32. Kg2 Re3 33. Bd7 Bxd7 34. Rxd7+ Kg6 35. Rd2 g4 36. Kf2 Rf3+ 37. Kg2 h4 38. Rd5 h3+ 39. Kg1 Bh6 40. Rd1 Be3+ 41. Kh1 Rf2 42. Nc3 Bf4 43.
Kg1 Rg2+ 44. Kf1 Rxh2 45. Ne2 Rh1+ 46. Ng1 h2 0-1

[Event "*** Titled Tuesday Blitz"]
[Site "Chess.com"]
[Date "2021.02.16"]
[Round "2"]
[White "dukicz123"]
[Black "anon102030"]
[Result "0-1"]
[WhiteElo "2482"]
[BlackElo "2722"]
[TimeControl "180+1"]
[EndTime "10:18:58 PST"]
[Termination "anon102030 won by checkmate"]

1. e4 e5 2. Nf3 Nc6 3. d4 exd4 4. Nxd4 Bc5 5. Nxc6 Qf6 6. Qf3 dxc6 7. Nc3 Be6 8.
Qg3 Bd6 9. f4 Qg6 10. Qf2 Bd7 11. Be3 Bb4 12. Bd3 f5 13. exf5 Bxf5 14. Bxf5 Qxf5 15.
O-O Ne7 16. Bd4 O-O 17. Rae1 Rad8 18. Be5 Ng6 19. Qxa7 b6 20. Qxc7 Bc5+ 21. Kh1 Rd7 22. Qxc6 Rd2 23. Qe4 Rxc2 24. Qd5+ Kh8 25. Na4 Nh4 26.
Nxc5 bxc5 27. Qb7 Qg6 28. Rg1 h5 29. Rd1 Rf7 30. Rd7 Rxd7 31. Qxd7 Rxg2 32. Qd8+ Kh7 33. Rf1 Rxh2+ 34. Kxh2 Qg2# 0-1

[Event "*** Titled Tuesday Blitz"]
[Site "Chess.com"]
[Date "2021.02.16"]
[Round "2"]
[White "esteban062000"]
[Black "MagzyPotato"]
[Result "0-1"]
[WhiteElo "2146"]
[BlackElo "2424"]
[TimeControl "180+1"]
[EndTime "10:18:58 PST"]
[Termination "MagzyPotato won by resignation"]

1. Nf3 Nf6 2. c4 e6 3. Nc3 d5 4.
cxd5 exd5 5. g3 c5 6. Bg2 d4 7.
Nb1 Nc6 8. O-O Be7 9. d3 O-O 10. Nbd2 Be6 11. Nb3 Qd7 12. Bf4 Nd5 13. Bd2 Bh3 14.
Rc1 b6 15. Bg5 f6 16. Bd2 Rae8 17. Re1 Bxg2 18. Kxg2 Bd6 19. e4 dxe3 20. fxe3 Ndb4 21. Bxb4 Nxb4 22. a3 Nc6 23. d4 cxd4 24. Nbxd4 Ne5 25. Qb3+ Kh8 26. Nxe5 fxe5 27. Nf3 e4 28. Nd4 Bc5 29. Rcd1 Qg4 30. Qc2 Rf6 31. Qe2 Qg6 32. b4 Bxd4 33. Rxd4 Ref8 34. Rd2 h5 35. Qd1 h4 36. Rde2 h3+ 37.
Kg1 Rf3 38. Qd7 R8f5 39. Qd8+ Kh7 40. Qh4+ Rh5 41. Qe7 Qf5 42. Qxa7 Rh6 43. Qb8 Rf6 44. Qe8 Rf1+ 0-1

[Event "*** Titled Tuesday Blitz"]
[Site "Chess.com"]
[Date "2021.02.16"]
[Round "2"]
[White "annacramling"]
[Black "Gusarov91"]
[Result "0-1"]
[WhiteElo "2117"]
[BlackElo "2408"]
[TimeControl "180+1"]
[EndTime "10:18:58 PST"]
[Termination "Gusarov91 won by resignation"]

1. d4 Nf6 2. c4 g6 3. Nc3 d5 4. cxd5 Nxd5 5. e4 Nb6 6. h3 Bg7 7.
Nf3 O-O 8. Be3 Nc6 9. Be2 f5 10.
e5 f4 11. Bc1 Be6 12. O-O h6 13. Ne4 Bd5 14. Nc5 Qc8 15. b3 g5 16. Bb2 Nd7 17. Rb1 Nxc5 18. dxc5 Be4 19. Bd3 Rd8 20. Bc4+ e6 21.
Qe2 Bxb1 22. Rxb1 Qd7 23. Qe4 Qf7 24. Nh2 Na5 25. Bd3 Qf5 26. Qxf5 exf5 27. Bxf5 Nc6 28.
Ng4 Nd4 29. Be4 c6 30. Kf1 h5 31. Nf6+ Bxf6 32. exf6 Kf7 33. Rd1 Ne6 34. Ke2 Rxd1 35.
Kxd1 Rd8+ 36. Ke2 Nxc5 37. Bc2 Ne6 38. b4 Nd4+ 39. Kd1 Nxc2+ 40. Kxc2 Rd5 41. a3 g4 42.
hxg4 hxg4 43. Kb3 b5 44. a4 bxa4+ 45. Kxa4 Rd2 46. Kb3 Rxf2 47. Bd4 Rxg2 48. Bxa7 Kxf6 49. Bd4+ Ke6 50. Kc4 Kd7 51. Kc5 f3 52. b5 Rc2+ 53.
Kb6 cxb5 54. Kxb5 g3 55. Be3 f2 56. Bf4 g2 0-1

[Event "*** Titled Tuesday Blitz"]
[Site "Chess.com"]
[Date "2021.02.16"]
[Round "2"]
[White "Grimlock_Glasgow"]
[Black "VladimirBugayev"]
[Result "0-1"]
[WhiteElo "2455"]
[BlackElo "2293"]
[TimeControl "180+1"]
[EndTime "10:18:59 PST"]
[Termination "VladimirBugayev won by resignation"]

1. e4 c6 2. d4 d5 3. exd5 cxd5 4. Nf3 Bg4 5. h3 Bxf3 6. Qxf3 a6 7. c3 Nc6 8. Bd3 Nf6 9. O-O e6 10. Re1 Be7 11.
Nd2 O-O 12. Qe2 Bd6 13. Nf3 Nd7 14. Bg5 Qc7 15. Bc2 Rfe8 16. Qd3 Nf8 17. Rad1 Rac8 18. Bb1 h6 19. Bd2 b5 20. Ne5 Bxe5 21. dxe5 Nxe5 22. Qg3 Neg6 23. Qg4 Qc4 24. f4 f5 25. Qg3 d4 26. b3 Qc5 27. cxd4 Qxd4+ 28. Be3 Qb2 29. h4 h5 30. Qg5 Qf6 31. Rd7 Re7 32. Red1 Nxd7 33.
Rxd7 Rxd7 0-1